← All builds
Front / Armada / Economy first / OBSERVED BUILD

Standard front

Armada Front build order · Supreme Isthmus

Standard economy-first Front play: Bot Lab and Vehicle Plant up almost immediately, Advanced Metal Extractor around 9 minutes, with Blitz, Rocketeer, Pawn and Janus trickling out to hold and push the middle over the full 15 minutes.

#eco · 1137 distinct matches · 143 players · 75% of Armada Front games · team won 63% of 1296 · Recently observed

HOW TO PLAY IT

Key timing: Vehicle Plant by 0:48

  1. Take mex and wind, start bot lab and vehicle plant together.
  2. Finish vehicle plant and begin Blitz, Rocketeer, Pawn and Janus mix.
  3. Send first units to the coast to stop leaks, not straight to mid.
  4. Add Janus or Centurion once first units are out, then form up as a line.
  5. Push T2 constructor out once the line holds middle.

Phase by phase

TYPICAL OF ITS 1137 GAMES
  1. 1
  2. 2
  3. 3
PLAY THE OPENING

Follow the example game's first 6:00 step by step: what to build now, what comes next, and where it goes. At 1× it keeps pace with your own game.

  1. 1

    Up to the Bot Lab

    Economy
    • Metal Extractor2Mex
    • Wind Turbine1Wind
    Order
    1. Bot LabBot Lab after 3 mex, 1 winddone ~0:45, middle half 0:36–8:32

    Some games also: Vehicle Plant (42%)

    By 0:28 in all: 2 mex · 1 wind

    The example game in this phase · 3 steps
    1. Mex ×2
    2. Wind
    3. Bot LabBot Labdone 0:39 · typical 0:45
  2. 2

    Bot Lab to 5:00

    Economy
    • Metal Extractor4Mex
    • Wind Turbine3Wind
    Army
    • Sentry1 Sentry

    Some games also: rocketeer (46%) · con bot (44%) · Lazarus (43%) · tick (41%) · centurion (36%)

    By 5:00 in all: 6 mex · 7 wind

    The example game in this phase · 31 steps
    1. TickTick
    2. Wind
    3. TickTick ×2
    4. PawnPawn
    5. TickTick ×2
    6. Construction BotCon bot
    7. LazarusLazarus
    8. Construction BotCon bot
    9. CenturionCenturion
    10. Mex
    11. RocketeerRocketeer ×3
    12. Mex
    13. RocketeerRocketeer ×2
    14. Mex
    15. RocketeerRocketeer ×2
    16. Mex
    17. RocketeerRocketeer ×3
    18. LazarusLazarus
    19. Construction BotCon bot
    20. Dragon's TeethDragon's Teeth ×6
    21. RocketeerRocketeer
    22. Dragon's TeethDragon's Teeth ×2
    23. RocketeerRocketeer
    24. SentrySentry
    25. RocketeerRocketeer ×2
    26. SentrySentry
    27. RocketeerRocketeer ×3
    28. SentrySentry
    29. RocketeerRocketeer
    30. Radar TowerRadar Tower
    31. RocketeerRocketeer
  3. 3

    5:00 to 10:00

    Economy
    • Metal Extractor1Mex
    • Wind Turbine14Wind
    Builders
    • Construction Turret2 Con turret
    Army
    • Sentry1 Sentry

    Some games also: energy storage (46%) · rocketeer (39%) · blitz (38%) · pawn (36%) · Lazarus (35%)

    By 10:00 in all: 7 mex · 25 wind · 1 energy storage · 3 con turret

    The example game in this phase · 74 steps
    1. SentrySentry
    2. RocketeerRocketeer
    3. SentrySentry
    4. PawnPawn ×4
    5. Mex
    6. PawnPawn ×5
    7. SentrySentry
    8. PawnPawn ×3
    9. TickTick ×3
    10. Radar TowerRadar Tower
    11. TickTick ×10
    12. Mex
    13. Advanced Metal ExtractorT2 mexdone 8:43 · typical 8:53
    14. TickTick ×10
    15. Energy storage
    16. TickTick ×3
    17. Wind
    18. TickTick
    19. Wind
    20. TickTick
    21. Wind
    22. Advanced Metal ExtractorT2 mex
    23. TickTick
    24. Wind
    25. TickTick
    26. Wind
    27. TickTick ×2
    28. Wind
    29. TickTick
    30. Wind
    31. TickTick
    32. Wind
    33. TickTick ×2
    34. Wind
    35. TickTick ×2
    36. Wind
    37. Energy storage
    38. TickTick ×4
    39. Advanced Metal ExtractorT2 mex
    40. TickTick
    41. Wind
    42. TickTick
    43. Wind
    44. TickTick
    45. Wind
    46. TickTick
    47. Wind
    48. TickTick
    49. Wind
    50. TickTick
    51. Solar
    52. TickTick ×3
    53. Wind
    54. Mex
    55. TickTick
    56. Wind
    57. TickTick
    58. Wind
    59. TickTick ×2
    60. Wind
    61. TickTick
    62. Advanced Metal ExtractorT2 mex
    63. Construction BotCon bot
    64. Dragon's TeethDragon's Teeth ×2
    65. Construction BotCon bot
    66. Dragon's TeethDragon's Teeth ×6
    67. Construction BotCon bot ×2
    68. Advanced Metal ExtractorT2 mex
    69. TickTick ×14
    70. LazarusLazarus ×6
    71. Con turret
    72. CenturionCenturion
    73. Con turret ×2
    74. CenturionCenturion

Counts are medians over the build's games: half of them build more, half fewer. The example game is [BS]Hellzie's (41 OS, 07/10/2026); pick another.

Team trades

IN AT LEAST 30% OF ITS GAMES

You hand over

Nothing regular.

You get

  • Tidal Generator4 Tidal from Pondfirst at 0:18 · in 68% of games
  • Advanced Construction Bot1 T2 con bot from Geo or Techfirst at 7:16 · in 67% of games

How it plays out

Typical game of this build, running totals by minute

Metal produced

010k20k30k
0:005:0010:0015:00

metal

Enemy metal destroyed

05k10k
0:005:0010:0015:00

metal

Own metal lost

05k10k
0:005:0010:0015:00

metal

1296 games.

Show as table
ByMetal produced: This buildEnemy metal destroyed: This buildOwn metal lost: This build
1:0033300
2:008452131
3:001621143105
4:002707545333
5:0038531202813
6:00505920881516
7:00630929452448
8:00763537953332
9:00907846214252
10:001068352874979
11:001261557855647
12:001483963506479
13:001741969627188
14:002017276078094
15:002269483658973
WHAT THE NUMBERS SAY

Standard economy-first Front play, winning slightly more than suicide front at 63% with a bigger metal lead by 15:00.

  • + Metal produced reaches 22704 by 15:00, highest of the two front roles.
  • + Own metal lost stays lower relative to produced, 8967 vs 22704 by 15:00.
  • − First unit lost already at 1:44, same as suicide front despite safer position.
THE EXAMPLE YOU ARE READING

[BS]Hellzie

40.8 OS · 07/10/2026

Open source match ↗

7 received units · includes a constructor
13 metal received · 45444 energy received

Allied construction assistance is unknown. Timings are observations, not a promise of solo reproducibility.

Typical milestones

Bot Lab0:45Middle 50%: 0:36–8:32 · n=819
Vehicle Plant0:47Middle 50%: 0:40–0:58 · n=917
Advanced Metal Extractor8:53Middle 50%: 8:02–9:59 · n=1035

Played most by

Hummell105games of this buildWashedGamuer99games of this buildLeohvm87games of this buildXad68games of this buildDRM47games of this build